 Dungeon Crawl Stone Soup version 0.17.1-3-g152610e (webtiles) character file.

182 kaze the Shield-Bearer (level 5, -11/33 HPs)
             Began as a Gargoyle Fighter on Mar 15, 2016.
             Mangled by an ogre
             ... wielding a +0 giant club
              (13 damage)
             ... on level 4 of the Dungeon.
             The game lasted 00:05:44 (3118 turns).

kaze the Shield-Bearer (Gargoyle Fighter)           Turns: 3118, Time: 00:05:45

Health: -11/33     AC: 16    Str: 21    XL:     5   Next: 61%
Magic:  5/5        EV:  4    Int:  8    God:
Gold:   64         SH:  9    Dex:  9    Spells: 0 memorised, 4 levels left

rFire  . . .     SeeInvis .     w - +1 flail (protect)
rCold  . . .     Clarity  .     t - +0 plate armour
rNeg   + . .     SustAt   .     c - +0 shield
rPois  ∞         Gourm    .     (no helmet)
rElec  +         Spirit   .     (no cloak)
rCorr  .         Warding  .     (no gloves)
rMut   .         Stasis   .     s - +0 pair of boots
MR     .....                    (no amulet)
Stlth  ..........               (no ring)
                                u - -5 ring of protection (curse)

@: not resistant to hostile enchantments, extremely unstealthy
A: negative energy resistance 1, electricity resistance, unbreathing,
petrification resistance, rot immunity, AC +4
a: no special abilities


You were on level 4 of the Dungeon.
You were hungry.

You visited 1 branch of the dungeon, and saw 4 of its levels.

You collected 64 gold pieces.

Inventory:

Hand Weapons
 a - a +0 war axe
 n - a +2 halberd of protection
 w - a +1 flail of protection (weapon)
Armour
 c - a +0 shield (worn)
 s - a +0 pair of boots (worn)
 t - a +0 plate armour (worn)
Jewellery
 u - a cursed -5 ring of protection (left hand)
Scrolls
 g - a scroll of recharging
 h - 2 scrolls of fear
 o - a scroll of magic mapping
 q - 2 scrolls of teleportation
Potions
 d - 2 potions of might
 i - 2 potions of lignification {unknown}
 j - a potion of heal wounds {unknown}
 k - a potion of haste {unknown}
 l - 3 potions of curing {unknown}
 m - 3 potions of agility {unknown}
Comestibles
 e - 4 bread rations
 p - a meat ration


   Skills:
 + Level 4.1 Fighting
 + Level 2.3(2.4) Axes
 + Level 0.8(1.7) Polearms
 + Level 3.9 Armour
 + Level 1.2 Dodging
 - Level 0.2 Stealth
 + Level 4.8 Shields


You had 4 spell levels left.
You didn't know any spells.

Dungeon Overview and Level Annotations

Branches:
Dungeon (4/15)
 Temple: D:4-7

Altars:
Kikubaaqudgha
Sif Muna


Innate Abilities, Weirdness & Mutations

You are resistant to torment.
Your stone body is resilient (AC +4).
You are immune to poison.
You resist negative energy.
You are resistant to electric shocks.
You can survive without breathing.
You are immune to petrification.
You are immune to rotting.


Message History

Your plate armour prevents you from hitting the ogre.
The ogre is almost dead.
You block the adder's attack. The adder bites you but does no damage.
The ogre barely misses you.
Your shield and plate armour prevent you from hitting the ogre.
The ogre is almost dead.
The adder completely misses you. You block the ogre's attack.
You block the adder's attack.
You barely miss the ogre.
The ogre is almost dead.
You block the adder's attack. You block the ogre's attack.
The adder bites you but does no damage.
You hit the ogre.
The ogre is almost dead.
The adder bites you but does no damage. The ogre barely misses you.
You block the adder's attack.
Your plate armour prevents you from hitting the ogre.
The ogre is almost dead.
The ogre hits you with a giant club!
You die...

..#### ....#
###.# #+# #.#
######.#####
#.####..........#
#...(...........#
######..........#
#..........#.#
####.#..O@...#
#.#.##S####
#.#......
#.....#..$#
......#...#
......#.....
............#.
.............#


You could see an ogre and an adder.

Vanquished Creatures
  An orc priest (D:3)
  Terence (D:2)
  2 adders
  4 gnolls (D:2)
  An ooze (D:1)
  A worm (D:3)
  2 orcs (D:3)
  6 bats
  2 giant cockroaches (D:2)
  3 goblins
  11 hobgoblins
  7 jackals
  9 kobolds
  3 giant newts
  9 rats
62 creatures vanquished.

Notes
Turn   | Place    | Note
--------------------------------------------------------------
     0 | D:1      | kaze the Gargoyle Fighter began the quest for the Orb.
     0 | D:1      | Reached XP level 1. HP: 14/14 MP: 1/1
    73 | D:1      | Reached XP level 2. HP: 14/19 MP: 2/2
   222 | D:1      | Reached XP level 3. HP: 19/23 MP: 3/3
  1166 | D:2      | Reached skill level 4 in Shields
  1169 | D:2      | Reached XP level 4. HP: 19/28 MP: 4/4
  1627 | D:2      | Noticed Terence
  1633 | D:2      | Killed Terence
  1633 | D:2      | Reached XP level 5. HP: 33/33 MP: 5/5
  1740 | D:2      | Reached skill level 1 in Dodging
  1875 | D:2      | Found a deep blue altar of Sif Muna.
  2927 | D:3      | Found an ancient bone altar of Kikubaaqudgha.
  3097 | D:4      | Noticed an ogre
  3113 | D:4      | HP: 1/33 [ogre/giant club (13)]
  3118 | D:4      | Mangled by an ogre

Action                   |  1- 3 |  4- 6 || total
-------------------------+-------+-------++-------
Melee: War axe           |   114 |    12 ||   126
       Halberd           |       |    81 ||    81
       Flail             |       |    17 ||    17
  Use: Scroll            |     3 |     3 ||     6
  Eat: Chunk             |     1 |     1 ||     2
       Bread ration      |       |     1 ||     1
